AoeStats
← 让部分帝国玩家先富起来

Nomad

508862067Analyzed
4v4 RM · 9d ago on Sep 24, 2026· 38m 37s· 8 players
Game mode
Random Map
Map size
231×231
Population
200
Speed
Normal
Resources
Standard
Victory
Conquest
Starting age
Dark Age
Ending age
Imperial Age
RankedLock teamsTeams togetherTeam positionsShared explorationLock speedFull tech treeHidden civsTurbo modeCheats
Victory
Defeat
1307
+14
🇨🇳 Persians · China
1289
+14
1288
+14
🇸🇬 Italians · Singapore
1269
+15
🇨🇳 Huns · China
1286
-15
1282
-16
🇭🇰 Varangians · Hong Kong SAR China
1229
-13
🇨🇳 Byzantines · China
1216
-13
七七2025
5:15 Loom
15:45 Feudal Age
19:59 Castle Age
19:00 Bloodlines
18:43 Gold Mining
20:08 Scale Barding Armor
20:11 Double-Bit Axe
24:17 Wheelbarrow
31:44 Chain Barding Armor
34:28 Hand Cart
37:34 Gold Shaft Mining
41:16 Imperial Age
38:32 Town Watch
38:40 Stone Mining
Combi | NITRAMDELANIEVE
3:43 Loom
14:34 Feudal Age
14:59 Man-at-Arms
19:25 Forging
23:14 Castle Age
22:52 Double-Bit Axe
24:19 Bow Saw
30:22 Fletching
31:54 Bodkin Arrow
34:03 Padded Archer Armor
34:50 Husbandry
35:43 Leather Archer Armor
35:23 Horse Collar
36:33 Bloodlines
36:53 Ballistics
38:47 Heavy Plow
-d
4:02 Loom
12:32 Feudal Age
20:58 Castle Age
20:17 Fletching
21:10 Wheelbarrow
21:54 Medium Warships
23:26 Bodkin Arrow
23:51 Fishing Lines
30:17 Ballistics
33:10 Horse Collar
34:44 Scale Barding Armor
36:20 Chain Barding Armor
38:41 Imperial Age
36:30 Gillnets
36:27 Double-Bit Axe
37:46 Forging
EBE_3
5:09 Loom
14:45 Feudal Age
15:43 Fishing Lines
18:21 Castle Age
17:04 Fletching
17:02 Loom
17:04 Town Watch
17:54 Wheelbarrow
18:38 Padded Archer Armor
18:32 Gold Mining
18:35 Double-Bit Axe
20:51 Bow Saw
21:39 Gillnets
22:03 Bodkin Arrow
25:41 Leather Archer Armor
26:22 Horse Collar
29:58 Hand Cart
37:34 Imperial Age
37:05 Stone Mining
37:26 Forging
37:22 Scale Barding Armor
37:20 Scale Mail Armor
37:21 Squires
37:06 Arson
37:07 Gambesons
38:02 Ballistics
38:10 Arson
38:34 Heavy Plow
天天抖手精神抖擞
5:00 Loom
13:46 Feudal Age
17:29 Castle Age
17:50 Stone Mining
19:25 Forging
29:12 Double-Bit Axe
31:41 Scale Mail Armor
34:55 Chain Mail Armor
35:20 Iron Casting
Dreamin
3:16 Loom
13:14 Feudal Age
14:14 Double-Bit Axe
17:29 Wheelbarrow
20:10 Castle Age
24:42 Scale Barding Armor
24:47 Forging
24:34 Gold Mining
25:20 Bloodlines
25:10 Husbandry
26:09 Chain Barding Armor
29:57 Iron Casting
35:41 Gold Shaft Mining
37:45 Imperial Age
36:24 Bow Saw
37:22 Cavalier
让部分帝国玩家先富起来
4:38 Loom
13:00 Feudal Age
16:50 Castle Age
15:03 Double-Bit Axe
15:31 Fletching
17:46 Bodkin Arrow
18:51 Town Watch
20:23 Wheelbarrow
24:39 Hand Cart
31:24 Imperial Age
29:17 Ballistics
32:55 Bow Saw
32:42 Horse Collar
34:58 Chemistry
34:23 Pikeman
35:04 Squires
34:49 Arson
35:15 Scale Mail Armor
35:25 Forging
35:16 Bracer
35:01 Elite Longship
35:15 Halberdier
35:59 Padded Archer Armor
36:16 Chain Mail Armor
37:53 Conscription
36:57 Hamask
39:14 Plate Mail Armor
二逼老男人
5:22 Loom
13:42 Feudal Age
17:54 Castle Age
16:33 Double-Bit Axe
16:58 Town Watch
18:20 Gold Mining
19:18 Medium Warships
19:55 Bow Saw
25:36 Fletching
28:35 Horse Collar
30:25 Padded Archer Armor
31:39 Leather Archer Armor
32:02 Ballistics
34:13 Bodkin Arrow
35:28 Wheelbarrow
37:28 Heavy Plow
40:16 Imperial Age
Connection lost

Rejoining the realm…

Still unreachable

The connection could not be restored.

Session expired

The server has moved on; the page needs a fresh start.